 Dungeon Crawl Stone Soup version 0.31.0-12-g77e489cdc1 (webtiles) character file.

Game seed: 10121844988009631323

63 DildoBatman the Conjurer (level 4, 0/32 HPs)
             Began as a Formicid Conjurer on Feb 12, 2024.
             Slain by a jackal (2 damage)
             ... on level 2 of the Dungeon.
             The game lasted 00:02:59 (1300 turns).

DildoBatman the Conjurer (Formicid Conjurer)        Turns: 1300, Time: 00:02:59

Health: 0/32       AC:  4    Str: 12    XL:     4   Next: 30%
Magic:  3/7        EV: 12    Int: 19    God:
Gold:   151        SH:  0    Dex: 12    Spells: 5/8 levels left

rFire   . . .        h - +4 whip (vamp)
rCold   . . .        (no shield)
rNeg    . . .        a - +0 robe
rPois   .            (helmet unavailable)
rElec   .            (no cloak)
rCorr   .            f - +1 pair of gloves
SInv    +            (no boots)
Will    .....        (no amulet)
Stlth   ++           (no ring)
HPRegen 0.25/turn    (no ring)
MPRegen 0.10/turn

%: no passive effects
@: no status effects
A: permanent stasis, dig shafts and tunnels, antennae 3, four strong arms
a: Dig, Shaft Self


You were on level 2 of the Dungeon.
You visited 1 branch of the dungeon, and saw 2 of its levels.

You collected 151 gold pieces.

Inventory:

Hand Weapons
 g - a +0 sling
 h - a +4 vampiric whip (weapon)
Missiles
 c - 12 poisoned darts
 o - 3 atropa-tipped darts
Armour
 a - a +0 robe (worn)
 f - a +1 pair of gloves (worn)
Scrolls
 d - a scroll of identify {unknown}
 i - 4 scrolls of teleportation {unknown}
 j - a scroll of torment {unknown}
 m - a scroll of immolation {unknown}
 n - a scroll of enchant armour {unknown}
 p - a scroll of poison {unknown}
 s - a scroll of blinking {unknown}
 t - a scroll of enchant weapon {unknown}
Potions
 b - a potion of magic
 e - 2 potions of mutation {unknown}
 k - a potion of brilliance {unknown}
 l - a potion of heal wounds {unknown}
 q - a potion of lignification {unknown}
 r - a potion of curing {unknown}


   Skills:
 + Level 1.4 Fighting
 + Level 1.2 Armour
 + Level 2.2 Dodging
 + Level 3.2 Stealth
 + Level 2.6 Spellcasting
 + Level 3.8 Conjurations


You had 5 spell levels left.
You knew the following spells:

 Your Spells              Type           Power      Damage    Failure   Level
a - Searing Ray           Conj           34%        2d5       4%          2
c - Magic Dart            Conj           68%        1d6       3%          1

Your spell library contained the following spells:

 Spells                   Type           Power      Damage    Failure   Level
 Fulminant Prism          Conj/Alch      4%         3d5       56%         4
 Iskenderun's Mystic Bla  Conj/Tloc      9%         2d4       56%         4


Dungeon Overview and Level Annotations

Branches:
Dungeon (2/15)

Altars:
Nemelex Xobeh


Innate Abilities, Weirdness & Mutations

You cannot be hasted, slowed, berserked, paralysed or teleported.
You can dig through walls and to a lower floor.
You have a pair of large antennae on your head. (SInv)
Your four strong arms can wield two-handed weapons with a shield.


Message History

The jackal bites you. x3
What are your orders? t - Shout!
Orders for allies: a - Attack new target. r - Retreat! s - Stop attacking. g - Guard the area. f - Follow me.
Anything else - Cancel.
You shout for attention!
The jackal misses you. x2
What are your orders? t - Shout!
Orders for allies: a - Attack new target. r - Retreat! s - Stop attacking. g - Guard the area. f - Follow me.
Anything else - Cancel.
You shout for attention!
The jackal bites you but does no damage.
The jackal misses you. The jackal bites you. What are your orders? t - Shout!
Orders for allies: a - Attack new target. r - Retreat! s - Stop attacking. g - Guard the area. f - Follow me.
Anything else - Cancel.
You shout for attention!
The jackal bites you.
The jackal bites you but does no damage.
The jackal bites you. What are your orders? t - Shout!
Orders for allies: a - Attack new target. r - Retreat! s - Stop attacking. g - Guard the area. f - Follow me.
Anything else - Cancel.
You shout for attention!
The jackal bites you. The jackal barely misses you. The jackal bites you.
You die...

# # # ####### #
##h@...## #
##.h♣♣♣..###### #
##..~~♣♣♣......# #
##..P~~~~♣♣♣###.#####
# #..♣~~~P≈♣ #.....# #
#..♣~~P~P≈P~♣ ♣#####.#
# ....PP~P≈~~~≈~~~♣P
#.#
#.##~~~~~~≈~≈≈P~P~~♣
#.# #
.~~~~≈≈≈≈≈≈~~~~~~♣##.#


You could see 2 jackals.

Vanquished Creatures
  An iguana (D:2)
  A gnoll (D:1)
  A ribbon worm (D:2)
  2 ball pythons
  2 bats (D:1)
  2 endoplasms (D:2)
  4 goblins
  4 hobgoblins
  3 quokkas
  2 frilled lizards (D:2)
  A kobold (D:1)
  A rat (D:1)
24 creatures vanquished.

Notes
Turn   | Place    | Note
-------+----------+-------------------------------------------
     0 | D:1      | DildoBatman the Formicid Conjurer began the quest for the
                  | Orb.
     0 | D:1      | Reached XP level 1. HP: 13/13 MP: 3/3
   363 | D:1      | Reached XP level 2. HP: 19/19 MP: 3/5
   366 | D:1      | Learned a level 2 spell: Searing Ray
   547 | D:1      | Reached XP level 3. HP: 25/25 MP: 6/6
   831 | D:2      | Reached skill level 1 in Fighting
  1032 | D:2      | Found a sparkling altar of Nemelex Xobeh.
  1048 | D:2      | Reached skill level 1 in Armour
  1272 | D:2      | Reached XP level 4. HP: 10/32 MP: 0/7
  1300 | D:2      | Slain by a jackal

Illustrated notes

Levels and vault maps discovered:
D:1:      saegor_arrival_simple_e, layout_loops_ring, st_stairs_1
D:2:      layout_rooms, basic_altar, serial_bayou_lagoon_b

Skill      XL: |  1  2  3 |
---------------+----------+-----
Dodging        | 2 |  2.2
Fighting       | 1 |  1.4
Armour         | 1 |  1.2
Stealth        | 3 |  3.2
Spellcasting   | |  2.6
Conjurations   | |  3.8

Action                     |  1- 3 |  4- 6 || total
---------------------------+-------+-------++-------
  Melee: Unarmed           |     4 |       ||     4
         Whip              |    22 |     1 ||    23
   Fire: Sling             |     2 |       ||     2
   Cast: Magic Dart        |    32 |       ||    32
         Searing Ray       |     3 |       ||     3
   Stab: Sleeping          |     2 |       ||     2
 Armour: Robe              |    15 |    20 ||    35
  Dodge: Dodged            |    17 |    18 ||    35
